 Dungeon Crawl Stone Soup version 0.18.1-8-gdd0e5ea (webtiles) character file.

20 Marenglen the Vexing (level 2, 26/26 HPs)
             Began as a Troll Arcane Marksman on May 23, 2016.
             Quit the game on level 1 of the Dungeon.
             The game lasted 00:00:52 (202 turns).

Marenglen the Vexing (Troll Arcane Marksman)         Turns: 202, Time: 00:00:52

Health: 26/26      AC:  5    Str: 18    XL:     2   Next: 58%
Magic:  2/2        EV:  9    Int:  9    God:
Gold:   10         SH:  0    Dex:  9    Spells: 1 memorised, 2 levels left

rFire  . . .     SeeInvis .     g - +0 mace
rCold  . . .     Gourm    +     a - +0 robe
rNeg   . . .     Faith    .     (no shield)
rPois  .         Spirit   .     (helmet restricted)
rElec  .         Dismiss  .     (no cloak)
rCorr  .         Reflect  .     (gloves unavailable)
SustAt .         Harm     .     (boots unavailable)
MR     .....                    (no amulet)
Stlth  +.........               (no ring)
                                (no ring)

@: not resistant to hostile enchantments, very unstealthy
A: unfitting armour, claws 3, fast metabolism 3, gourmand, regeneration 2,
shaggy fur 1, tough skin 2
a: no special abilities


You were on level 1 of the Dungeon.
You were very full.

You visited 1 branch of the dungeon, and saw 1 of its levels.

You collected 10 gold pieces.

Inventory:

Hand Weapons
 g - a +0 mace (weapon)
Missiles
 c - 4 large rocks (quivered)
 d - 2 throwing nets
Armour
 a - a +0 robe (worn)
Scrolls
 e - a scroll of noise {unknown}
 h - a scroll of identify {unknown}
Potions
 i - a potion of heal wounds {unknown}
Books
 b - a book of Debilitation

   Spells                             Type                      Level
   a - Corona                         Hexes                        1
   b - Slow                           Hexes                        2
   c - Gell's Gravitas                Hexes/Translocation          3
   d - Inner Flame                    Hexes/Fire                   3
   e - Cause Fear                     Hexes                        4
   f - Leda's Liquefaction            Hexes/Earth                  4
Comestibles
 f - 2 bread rations


   Skills:
 - Level 0.7 Fighting
 + Level 0.8 Maces & Flails
 - Level 1.7 Throwing
 - Level 1.5 Dodging
 - Level 1.0 Spellcasting
 + Level 2.5 Hexes


You had 2 spell levels left.
You knew the following spells:

 Your Spells              Type           Power        Failure   Level  Hunger
a - Corona                Hex            #......      14%         1    ##.....


Dungeon Overview and Level Annotations

Branches:
Dungeon (1/15)

Altars:


Innate Abilities, Weirdness & Mutations

You are too large for most types of armour.
You have claws for hands.
Your metabolism is lightning-fast.
You like to eat raw meat.
You heal very quickly.
You are covered in fur (AC +1).
You have very tough skin (AC +2).


Message History

Eating a chunk of flesh.
This raw flesh tastes great.
You continue eating. x2
A kobold comes into view. It is wielding a dagger.
The kobold shouts!
Found a runed ring mail.
A kobold is nearby!
The kobold closely misses you.
You hit the kobold but do no damage. The kobold barely misses you.
You barely miss the kobold.
The kobold hits you but does no damage. x2
You barely miss the kobold. The kobold hits you but does no damage.
You barely miss the kobold.
The kobold hits you but does no damage. x2
You barely miss the kobold. The kobold hits you but does no damage.
You barely miss the kobold. The kobold closely misses you.
You sock the kobold!
You kill the kobold!
A goblin comes into view.
The goblin shouts!
You see here a dagger.
You see here a runed ring mail.
Are you sure you want to abandon this character and quit the game? (Confirm with "yes".)

#.. .... #.. .#. .# #.. ...
.# #.. .. .# #.. #.# ##.#
#.. #.. .).## #####.. #####
#.#####...###...... #...#
#.@)...g..#........
#...########.............
#................#.#.###. .#
#....#####....##.....# #.
..[##....# #.##.......## #.
#......#### #.##.......## #.
####......##.....##.....####
##...##.....####...#....#
##....##....## #.#.##.#.##


You could see a goblin.

Vanquished Creatures
  3 dart slugs (D:1)
  A giant gecko (D:1)
  A bat (D:1)
  A giant cockroach (D:1)
  2 hobgoblins (D:1)
  3 kobolds (D:1)
  A giant newt (D:1)
  A rat (D:1)
13 creatures vanquished.

Notes
Turn   | Place    | Note
--------------------------------------------------------------
     0 | D:1      | Marenglen the Troll Arcane Marksman began the quest for the Orb.
     0 | D:1      | Reached XP level 1. HP: 18/18 MP: 1/1
    95 | D:1      | Reached XP level 2. HP: 21/26 MP: 2/2
   202 | D:1      | Quit the game

Action                   || total
-------------------------++-------
Melee: Unarmed           ||     5
       Mace              ||    30
  Eat: Chunk             ||     6
Armor: Robe              ||    23
Dodge: Dodged            ||    25
